[Event "NJSK 2024 C"]
[Site "Groningen, Netherlands"]
[Date "2024.05.02"]
[Round "8.2"]
[White "Ritzerveld, Noah"]
[Black "Grooten, Tommy"]
[Result "1/2-1/2"]
[TimeControl "90min/40moves + 30min + 30sec/move"]
[WhiteElo "2103"]
[BlackElo "2018"]

1. e4 c5 2. Nf3 e6 3. d4 cxd4 4. Nxd4 Nf6 5. Nc3 d6 6. Be2 a6 7. Be3 Be7 8. O-O O-O 9. a4 b6 10.
f4 Bb7 11. Bf3 Qc7 12. f5 e5 13. Nb3 Nbd7 14. g4 Nc5 15. Nd2 d5 16. exd5 Rfd8 17. g5 Nxd5 18. Nxd5 Bxd5 19. Bxd5 Rxd5 20.
Qf3 e4 21. Qg2 Rad8 22. b4 Nd7 23. Nxe4 Bxb4 24. g6 fxg6 25. fxg6 h6 26. Rf7 Qe5 27. Raf1 Re8 28. Qf3 Qe6 29.
Bc1 Ne5 30. Qh5 Qxg6+ 31. Qxg6 Nxg6 32. Bb2 Bf8 33. Ng3 Re7 34. Rxe7 Nxe7 35. Ne4 Nc6 36. Rf3 Nd4 37. Rd3 Ne2+ 38.
Kf2 Rxd3 39. cxd3 Nf4 40. Ke3 Ne6 41. d4 Nc7 42. Kf4 Kf7 43. Ke5 g5 44. Nd6+ Kg6 45. Nf5 b5 46. axb5 Nxb5 47.
d5 Nd6 48. Nxd6 Bg7+ 49. Ke6 Bxb2 50. Ne4 Ba3 51. d6 Bxd6 52. Nxd6 a5 53. Ke5 a4 54. Kd4 g4 55. Nc4 Kg5 56.
Ke3 h5 57. Kf2 Kf4 58. Kg2 h4 59. Kf2 Ke4 60. Na3 Kd3 61. Kg2 Kc3 62. Kf2 Kb3 63. Nb1 Kb2 64. Nd2 a3 65. Nc4+ Kb3 66.
Nxa3 Kxa3 67. Ke3 Kb3 68. Kf4 g3 69. hxg3 hxg3 70. Kf3 g2 71. Kxg2 1/2-1/2

[Event "NJSK 2024 C"]
[Site "Groningen, Netherlands"]
[Date "2024.05.02"]
[Round "8.3"]
[White "Chua, Ethan"]
[Black "Roorda, Cas"]
[Result "1-0"]
[TimeControl "90min/40moves + 30min + 30sec/move"]
[WhiteElo "2000"]
[BlackElo "1828"]

1. e4 c5 2. Nf3 e6 3. d4 cxd4 4. Nxd4 Nc6 5. Nc3 Qc7 6. Be3 a6 7. f3 Nf6 8. Qd2 Ne5 9. a3 b5 10.
Nb3 Bb7 11. O-O-O b4 12. axb4 Bxb4 13. Bd4 O-O 14. Kb1 Rac8 15. Be2 d6 16. Nc1 Nfd7 17. N1a2 Bxc3 18. Bxc3 d5 19. Qd4 f6 20.
exd5 Bxd5 21. Nb4 Nb6 22. Nxa6 Qa7 23. Ba5 Nec4 24. Bxc4 Bxc4 25. Qxb6 Qxb6 26. Bxb6 Bxa6 27. Rd6 Rfe8 28.
b3 Kf7 29. c4 Re7 30. c5 Bb5 31. Kb2 Rd7 32. Rhd1 Rxd6 33. Rxd6 Ra8 34. c6 Ke7 35. Bc5 Rc8 36. Rd7+ Ke8 37.
Re7+ Kd8 38. Rxg7 Rxc6 39. Be7+ Kc8 40. Bxf6 Bd3 41. Bc3 Bg6 42. b4 Rd6 43. Kb3 Rd7 44. Rg8+ Rd8 45. Rg7 Rd7 46.
Kc4 Rxg7 47. Bxg7 Kc7 48. Kc5 Bb1 49. Be5+ Kb7 50. g4 Bd3 51. Kd6 Be2 52. Kxe6 Bxf3 53. g5 Kc8 54. Ke7 Bh5 55.
b5 Kb7 56. Bd4 Kc8 57. h4 Bf3 58. b6 Bg4 59. Kf7 Bf5 60. h5 Bg4 61. Kg7 Bxh5 62. Kxh7 Kb7 63. g6 Bxg6 64. Kxg6 Kc6 65.
Kf6 Kd6 66. Bf2 Kd7 67. Ke5 Kc6 68. Ke6 Kb7 69. Kd7 Ka8 70. Kc6 Kb8 71. Bg3+ Kc8 72. b7+ 1-0

[Event "NJSK 2024 C"]
[Site "Groningen, Netherlands"]
[Date "2024.05.02"]
[Round "8.4"]
[White "De Jong, Lode"]
[Black "Terlouw, Wouter"]
[Result "1/2-1/2"]
[TimeControl "90min/40moves + 30min + 30sec/move"]
[WhiteElo "1587"]
[BlackElo "1961"]

1. d4 f5 2. c4 Nf6 3. g3 g6 4. Bg2 Bg7 5. Nc3 O-O 6. Nh3 d6 7. Nf4 Nc6 8. d5 Ne5 9. Qb3 c6 10.
O-O h6 11. c5 Kh7 12. Rd1 Qc7 13. dxc6 bxc6 14. cxd6 exd6 15. Nb5 Qe7 16. Nxd6 Bd7 17. h4 Rab8 18. Qc2 Ne8 19. Nxe8 Rfxe8 20. Be3 Rxb2 21. Qc5 Ng4 22. Rxd7 Qxd7 23. Bxc6 Qe7 24. Bxe8 Qxe8 25. Bd4 Bxd4 26. Qxd4 Rb7 27. Rd1 Qf7 28. Nd5 Qe6 29. f3 Ne5 30. Nf4 Qf6 31. Qc3 Ng4 32. Qc5 Ne5 33. Rd6 Qg7 34. Ne6 Nxf3+ 35. Kf2 Qe5 36.
Kxf3 Qe4+ 37. Kf2 Re7 38. Qe3 Qxe3+ 39. Kxe3 Kg8 40. Kd3 Kf7 41. Nc5 Re5 42. Nb3 a5 43. Ra6 Re4 44. Rxa5 Rg4 45.
a4 Rxg3+ 46. Kc2 Re3 47. Ra7+ Kf6 48. a5 Rxe2+ 49. Nd2 Rh2 50. a6 Rxh4 51. Kb3 Rh1 52. Ka2 Rh4 53. Ka3 Rd4 54.
Ra8 Rxd2 55. a7 Rd3+ 56. Kb2 Rd2+ 57. Kc3 Ra2 58. Rf8+ Kg5 59. a8=Q Rxa8 60. Rxa8 Kg4 61. Kd3 g5 62.
Ke2 h5 63. Kf2 Kh3 64. Ra5 Kg4 65. Ra8 f4 66. Kg2 Kf5 67. Rf8+ Kg4 68. Ra8 1/2-1/2

[Event "NJSK 2024 C"]
[Site "Groningen, Netherlands"]
[Date "2024.05.02"]
[Round "8.5"]
[White "Aravindhan, Achyuth"]
[Black "Winter, Sven"]
[Result "1-0"]
[TimeControl "90min/40moves + 30min + 30sec/move"]
[WhiteElo "2071"]
[BlackElo "1768"]

1. e4 c6 2. d4 d5 3. Nc3 dxe4 4.
Nxe4 Nf6 5. Nxf6+ exf6 6. c3 Bf5 7. Bd3 Bxd3 8. Qxd3 Bd6 9. Nf3 O-O 10. O-O Re8 11. Be3 Nd7 12. Rad1 Qc7 13.
c4 Rad8 14. h3 c5 15. d5 a6 16. Rc1 Rb8 17. a3 Qd8 18. b4 b5 19. Nd2 Qe7 20. cxb5 Ne5 21. Qe2 cxb4 22. bxa6 bxa3 23.
a7 Ra8 24. Qa6 f5 25. Rfe1 Bb4 26. f4 Ng6 27. Bf2 Qd7 28. Rxe8+ Qxe8 29. Nc4 Nxf4 30. Nb6 Rxa7 31. Rc8 Rxa6 32.
Rxe8+ Bf8 33. Nd7 h5 34. Rxf8+ Kh7 35. Re8 a2 36. Bd4 a1=Q+ 37. Bxa1 Rxa1+ 38. Kf2 Ra2+ 39. Kf3 Nxd5 40. Re5 Rd2 41.
h4 g6 42. Rxd5 Rb2 43. Ne5 Rb3+ 44. Kf4 Rb4+ 45. Kg5 Rb2 46. g3 Rg2 47. Kf4 Rf2+ 48. Ke3 Rg2 49. Kf3 Ra2 50. Nxf7 Kg7 51.
Ne5 Kf6 52. Nc4 Ra4 53. Ne3 Ra3 54. Rd6+ Kf7 55. Rb6 Rc3 56. Kf4 Rd3 57. Rb7+ Kf6 58. Rb6+ Kf7 59. Ra6 Rb3 60. Ra4 Ke6 61.
Nc4 Kd5 62. Nd2 Rb6 63. Nf3 Ke6 64. Ne5 Kd5 65. Nf3 Re6 66. Ra5+ Kc4 67. Re5 Rd6 68. Re3 Rd1 69. Ne5+ Kd4 70.
Nxg6 Rg1 71. Ne7 Rf1 72. Rf3 Rxf3 73. Kxf3 Ke5 74. Ng6+ Kf6 75. Nf4 Ke5 76. Nxh5 1-0

[Event "NJSK 2024 C"]
[Site "Groningen, Netherlands"]
[Date "2024.05.02"]
[Round "8.6"]
[White "Tetova, Amir"]
[Black "Darie, Aden"]
[Result "0-1"]
[TimeControl "90min/40moves + 30min + 30sec/move"]
[WhiteElo "1767"]
[BlackElo "1923"]

1. d4 Nf6 2. Bf4 e6 3. Nf3 b6 4. e3 Bb7 5. c4 Bb4+ 6.
Nc3 O-O 7. Bd3 d6 8. Qc2 Nbd7 9. O-O-O Bxc3 10. Qxc3 Ne4 11. Qc2 f5 12. h4 Ndf6 13. Ng5 Qe7 14. f3 Nxg5 15. hxg5 Nd7 16.
Rh3 g6 17. Qf2 e5 18. dxe5 dxe5 19. Bg3 e4 20. Bc2 Nc5 21. Bf4 Rad8 22. Rxd8 Rxd8 23. fxe4 Bxe4 24. Bxe4 Qxe4 25. Qc2 Nd3+ 26. Kb1 Nb4 0-1

[Event "NJSK 2024 C"]
[Site "Groningen, Netherlands"]
[Date "2024.05.02"]
[Round "8.7"]
[White "Zecha, Oscar"]
[Black "Leenen, Boyd"]
[Result "1-0"]
[TimeControl "90min/40moves + 30min + 30sec/move"]
[WhiteElo "1998"]
[BlackElo "1920"]

1. e4 e5 2. Nf3 Nc6 3. Bb5 a6 4. Ba4 Nf6 5. O-O b5 6. Bb3 Be7 7. Re1 O-O 8. a4 Bb7 9. d3 d6 10.
Nbd2 Na5 11. Ba2 c5 12. Nf1 Re8 13. Bg5 h6 14. Bxf6 Bxf6 15. Ne3 Rc8 16. axb5 axb5 17. Nd5 Bxd5 18.
Bxd5 Qb6 19. Nd2 Nc6 20. Qh5 Rf8 21. Nf1 Nb4 22. Ne3 Bg5 23. Nf5 Nxd5 24. exd5 c4 25. h4 Bf6 26. Re4 Kh7 27.
g4 cxd3 28. cxd3 Rc2 29. Rf1 Qc5 30. g5 Bd8 31. Nxg7 Qc8 32. Qxh6+ Kg8 33. Nh5 1-0

[Event "NJSK 2024 C"]
[Site "Groningen, Netherlands"]
[Date "2024.05.02"]
[Round "8.8"]
[White "Guillaumond, Matthieu"]
[Black "Koppenens, Oscar"]
[Result "1-0"]
[TimeControl "90min/40moves + 30min + 30sec/move"]
[WhiteElo "1945"]
[BlackElo "1893"]

1. e4 c5 2. c3 d5 3. exd5 Qxd5 4. d4 cxd4 5. cxd4 Nc6 6. Nf3 Bg4 7. Nc3 Qa5 8. d5 Rd8 9. Qb3 Bxf3 10.
gxf3 Nd4 11. Qxb7 Nf6 12. Be3 Rd7 13. Qb8+ Rd8 14. Qb7 Rd7 15. Qb8+ Rd8 16. Bb5+ Nxb5 17. Qxb5+ Qxb5 18. Nxb5 Nxd5 19.
Nxa7 e6 20. Nc6 Rc8 21. Rc1 Bd6 22. Ke2 Nxe3 23. fxe3 Kd7 24. Nd4 Rxc1 25. Rxc1 Rb8 26. b3 Rc8 27. Rxc8 Kxc8 28. h3 Kb7 29.
Nb5 Be7 30. Kd3 Kb6 31. Kc4 g5 32. Nd4 h5 33. b4 h4 34. e4 Bf6 35. a4 Be5 36. a5+ Kb7 37. b5 Bc7 38. Nc6 f5 39. a6+ Kb6 40. exf5 exf5 41.
Ne7 g4 42. Nc8+ Ka5 43. a7 g3 44. a8=R# 1-0

[Event "NJSK 2024 C"]
[Site "Groningen, Netherlands"]
[Date "2024.05.02"]
[Round "8.9"]
[White "Ngangbam, Chingthang"]
[Black "Klein Tuente, Sam"]
[Result "0-1"]
[TimeControl "90min/40moves + 30min + 30sec/move"]
[WhiteElo "1713"]
[BlackElo "1732"]

1. e4 c5 2. Nf3 e6 3. d4 cxd4 4. Nxd4 Nc6 5. Nc3 Qc7 6. Be3 a6 7. f4 Bb4 8. Qd3 Nf6 9. Be2 d5 10.
e5 Ne4 11. O-O Bxc3 12. bxc3 Bd7 13. Bf3 Nxd4 14. Qxd4 Nxc3 15. Bd2 Rc8 16. a4 Qc5 17. Bxc3 Qxc3 18. Qb6 Qc5+ 19. Qxc5 Rxc5 20.
Rfb1 Bc6 21. Rb2 Kd7 22. Be2 Kc8 23. Rab1 Ra5 24. h3 Rxa4 25. Bd3 g6 26. g3 Rd8 27. Kf2 b5 28. Kf3 h5 29.
g4 hxg4+ 30. Kxg4 Rh8 31. h4 Rh5 32. Rb3 Rxe5 33. Kf3 d4+ 34. Kg4 Re3 35. Rb4 Rxb4 36. Rxb4 Be4 37. Bxe4 Rxe4 38.
c4 d3 39. Rb3 bxc4 40. Rb1 d2 41. Rd1 c3 42. Kf3 Re1 43. Rxe1 dxe1=Q 0-1

[Event "NJSK 2024 C"]
[Site "Groningen, Netherlands"]
[Date "2024.05.02"]
[Round "8.10"]
[White "Ambrona Navarro, Himar"]
[Black "Van Haaften, Jelle"]
[Result "1-0"]
[TimeControl "90min/40moves + 30min + 30sec/move"]
[WhiteElo "1963"]
[BlackElo "1655"]

1. d4 Nf6 2. c4 g6 3. Nc3 Bg7 4. e4 d6 5. Nf3 O-O 6. h3 Nbd7 7. Be3 c5 8. d5 Qa5 9. Bd3 Ne8 10.
Qd2 a6 11. h4 Ne5 12. Nxe5 dxe5 13. h5 f5 14. f4 exf4 15. Bxf4 fxe4 16. Bxe4 Bxc3 17. bxc3 Rxf4 18. Qxf4 Qxc3+ 19. Kf2 Nf6 20. Bf3 Bf5 21. Rhe1 Rf8 22. Kg1 b5 23. Rac1 Qb4 24. h6 Bd3 25. Rxe7 Qb2 26. d6 bxc4 27.
d7 Nxd7 28. Bd5+ Kh8 29. Rxd7 Rb8 30. Rb7 Qxc1+ 31. Qxc1 Rxb7 32. Qc3+ 1-0

[Event "NJSK 2024 C"]
[Site "Groningen, Netherlands"]
[Date "2024.05.02"]
[Round "8.11"]
[White "Etienne, Ghilon"]
[Black "Lalkota, Sai Pranav Tejas"]
[Result "0-1"]
[TimeControl "90min/40moves + 30min + 30sec/move"]
[WhiteElo "1793"]
[BlackElo "1782"]

1. e4 e6 2. d4 d5 3. Bd3 dxe4 4. Bxe4 Nf6 5. Bf3 Bd6 6. Ne2 Nc6 7. O-O Bd7 8. Re1 O-O 9. Nbc3 h6 10.
a3 e5 11. dxe5 Nxe5 12. Bxb7 Rb8 13. Bd5 Nxd5 14. Nxd5 Qh4 15. Qd4 Nf3+ 16. Kf1 Nxh2+ 17. Kg1 Nf3+ 18. Kf1 Qh1+ 19.
Ng1 Qxg1+ 20. Ke2 Nxd4+ 0-1

[Event "NJSK 2024 C"]
[Site "Groningen, Netherlands"]
[Date "2024.05.02"]
[Round "8.12"]
[White "De Wit, Evan"]
[Black "Frederiks, Jesse"]
[Result "1/2-1/2"]
[TimeControl "90min/40moves + 30min + 30sec/move"]
[WhiteElo "1769"]
[BlackElo "1718"]

1. d4 d5 2. c4 c6 3. cxd5 cxd5 4.
Nc3 Nf6 5. Bf4 Nc6 6. e3 a6 7. Bd3 e6 8. Nge2 Nh5 9.
O-O Nxf4 10. Nxf4 Bd6 11. Nfe2 Qc7 12. f4 Bd7 13. Rc1 f5 14. a3 b5 15. b4 Qd8 16. Qe1 O-O 17. Kh1 Ne7 18.
Nb1 Nc8 19. g4 Nb6 20. gxf5 exf5 21. Nd2 Nc4 22. Bxc4 dxc4 23. Nf3 Qe7 24. Ne5 a5 25. Nc3 Bxe5 26. fxe5 axb4 27. axb4 Ra3 28.
e4 fxe4 29. Nxe4 Rxf1+ 30. Qxf1 Bc6 31.
Qg2 Re3 32. d5 Qxe5 33. dxc6 Rxe4 34. c7 Re1+ 35. Rxe1 Qxe1+ 36. Qg1 Qe4+ 37. Qg2 1/2-1/2

[Event "NJSK 2024 C"]
[Site "Groningen, Netherlands"]
[Date "2024.05.02"]
[Round "8.13"]
[White "Stylianou, Alexandros"]
[Black "Kors, Siebe"]
[Result "1-0"]
[TimeControl "90min/40moves + 30min + 30sec/move"]
[WhiteElo "1642"]
[BlackElo "1668"]

1. d4 d5 2. c4 e6 3. Nc3 Nf6 4.
Nf3 b6 5. Bf4 Bd6 6. Bxd6 Qxd6 7. e3 a6 8. Bd3 Bb7 9. O-O Nbd7 10. a3 c5 11. Re1 e5 12. dxe5 Nxe5 13. Nxe5 Qxe5 14.
cxd5 Nxd5 15. Nxd5 Bxd5 16. Qc2 Qf6 17. e4 Be6 18. e5 Qe7 19. Be4 Rc8 20. Qa4+ Bd7 21. Qxa6 b5 22. Qb7 O-O 23. Bf5 Rfd8 24. Rad1 Rb8 25. Qe4 g6 26. Bxd7 Rxd7 27.
Rxd7 Qxd7 28. Qf4 Rd8 29. h3 Qd2 30. Qe3 Qxe3 31. Rxe3 Rd2 32. Rb3 Rd5 33. Rxb5 Rxe5 34. a4 Re4 35.
a5 Kf8 36. Rxc5 Ra4 37. Kf1 Ke7 38. Rb5 Kd6 39. b4 Kc6 40. Rb6+ Kc7 41. Ke2 Ra2+ 42. Kf3 f5 43. Kg3 g5 44.
Kf3 Ra3+ 45. Ke2 Ra2+ 46. Ke3 Ra3+ 47. Kd4 Ra2 48. Kc5 Rc2+ 49. Kb5 Re2 50. Ka6 Rxf2 51. g4 f4 52. Rb7+ Kc8 53.
Kb6 Re2 54. Rc7+ Kd8 55. a6 Rb2 56. b5 f3 57. a7 Ra2 58. Kb7 f2 59. Rf7 Ke8 60. Rxf2 1-0

[Event "NJSK 2024 C"]
[Site "Groningen, Netherlands"]
[Date "2024.05.03"]
[Round "9.1"]
[White "Grooten, Tommy"]
[Black "Groenewoud, Joel"]
[Result "1-0"]
[TimeControl "90min/40moves + 30min + 30sec/move"]
[WhiteElo "2018"]
[BlackElo "2030"]

1. d4 Nf6 2. c4 g6 3. Nc3 Bg7 4. e4 d6 5. Nf3 O-O 6. Be2 e5 7. d5 a5 8. Be3 Na6 9. a3 Bd7 10.
Rb1 a4 11. Nd2 Qe8 12. g4 Nxg4 13. Bxg4 Bxg4 14. Qxg4 f5 15. exf5 gxf5 16. Qg5 h6 17. Qh4 f4 18. Rg1 fxe3 19.
fxe3 Kh8 20. Ke2 Rf5 21. Nde4 Qh5+ 22. Qxh5 Rxh5 23. Rg2 Rf8 24. Rf1 Rxf1 25. Kxf1 Bf8 26. Ke2 Be7 27. Nxa4 Kh7 28.
Nac3 Rf5 29. Rf2 Kg6 30. Rxf5 Kxf5 31. Kf3 h5 32. b4 b6 33. Ne2 Bf8 34. N2g3+ Kg6 35. Nf2 Be7 36. Nd1 Kg5 37.
Nc3 Bd8 38. Nb5 Kh4 39. Kg2 Kg4 40. Na7 h4 41. h3+ Kg5 42. Ne4+ Kf5 43. Kf3 Be7 44. Nc6 Bf8 45. c5 dxc5 46.
b5 Nb4 47. axb4 cxb4 48. d6 1-0

[Event "NJSK 2024 C"]
[Site "Groningen, Netherlands"]
[Date "2024.05.03"]
[Round "9.2"]
[White "Terlouw, Wouter"]
[Black "Chua, Ethan"]
[Result "0-1"]
[TimeControl "90min/40moves + 30min + 30sec/move"]
[WhiteElo "1961"]
[BlackElo "2000"]

1. d4 Nf6 2. Bf4 c5 3. e3 Qb6 4. Na3 Qxb2 5. Nb5 Nd5 6. a3 Na6 7. Rb1 Qa2 8. Bg3 cxd4 9. exd4 d6 10.
c4 Ndc7 11. Qc1 Nxb5 12. Ra1 Qb3 13. cxb5 Qe6+ 14. Be2 Nb8 15. d5 Qd7 16. b6 a6 17. Qc3 Qd8 18. a4 Nd7 19. a5 Nf6 20.
Qd2 g6 21. Rc1 Bg7 22. Nf3 O-O 23. O-O Ne4 24. Qe3 Nc5 25. Nd2 Bf5 26. Rc4 Rc8 27. Rfc1 Bb2 28. Re1 Qd7 29. h3 Na4 30.
Bd1 Nc3 31. Bf3 Nb5 32. Qxe7 Rce8 33. Bh4 f6 34. Rce4 Rxe7 35. Rxe7 Qc8 36. g4 Bd7 37. Ne4 Be5 38. g5 Nd4 39.
Bd1 Nf5 40. f4 Nxe7 41. fxe5 Nf5 42. Nxf6+ Rxf6 43. gxf6 Nxh4 44. e6 Qc3 45. Re2 Qg3+ 46. Kf1 Qxh3+ 47. Ke1 Qh1+ 48. Kf2 Qf3+ 49.
Kg1 Qg3+ 50. Kf1 Nf3 51. Rf2 Bb5+ 0-1

[Event "NJSK 2024 C"]
[Site "Groningen, Netherlands"]
[Date "2024.05.03"]
[Round "9.3"]
[White "Kurt, Sascha"]
[Black "Ritzerveld, Noah"]
[Result "1-0"]
[TimeControl "90min/40moves + 30min + 30sec/move"]
[WhiteElo "2096"]
[BlackElo "2103"]

1. e4 e5 2. Nf3 Nc6 3. Bc4 Nf6 4. Ng5 d5 5. exd5 Na5 6. Bb5+ c6 7. dxc6 bxc6 8. Bd3 Nd5 9. Nf3 Bd6 10. Nc3 O-O 11. Be2 f5 12.
d3 Qf6 13. Bd2 Nb7 14. O-O Be6 15. Ng5 Nxc3 16. bxc3 Bd7 17. d4 exd4 18. Bc4+ Kh8 19. Qh5 h6 20. Nf7+ Kh7 21. Ng5+ Kh8 22.
Nf7+ Kh7 23. Rab1 Rab8 24. Ng5+ Kh8 25. Nf7+ Kh7 26. Bg5 Qg6 27. Qxg6+ Kxg6 28. Rxb7 Bxh2+ 29. Kxh2 Rxb7 30. Nd6 Rb6 31. Be7 Rfb8 32. cxd4 Rb1 33. Rxb1 Rxb1 34. Bf7+ Kh7 35.
Nc4 Rd1 36. Bc5 f4 37. Ne5 Bf5 38. Bb3 g5 39. Nxc6 h5 40. d5 h4 41. Nd4 Bg6 42. Ne6 g4 43. Nxf4 Be4 44. d6 Kh6 45.
c4 Rd2 46. Nd5 g3+ 47. fxg3 Kh5 48. g4+ Kxg4 49. Nf6+ Kf4 50. Nxe4 Kxe4 51. Bxa7 Kf4 52. c5 Kg4 53. Be6+ Kf4 54.
Bb6 h3 55. Bxh3 1-0

[Event "NJSK 2024 C"]
[Site "Groningen, Netherlands"]
[Date "2024.05.03"]
[Round "9.4"]
[White "Darie, Aden"]
[Black "Aravindhan, Achyuth"]
[Result "1/2-1/2"]
[TimeControl "90min/40moves + 30min + 30sec/move"]
[WhiteElo "1923"]
[BlackElo "2071"]

1. e4 c5 2. Nf3 Nc6 3. d4 cxd4 4. Nxd4 Nf6 5. Nc3 e5 6. Ndb5 d6 7. Bg5 a6 8. Na3 b5 9. Nd5 Be7 10.
Bxf6 Bxf6 11. c4 b4 12. Nc2 a5 13. g3 O-O 14. Bg2 g6 15. O-O Bg7 16. Qd2 h5 17. h4 Be6 18. Rad1 Qb8 19.
b3 Rd8 20. f4 Bg4 21. Rde1 a4 22. f5 axb3 23. axb3 Ra2 24. fxg6 fxg6 25. Ra1 Qa7+ 26. Kh2 Rf8 27. Rxf8+ Bxf8 28. Rxa2 Qxa2 29. Qg5 Kh7 30.
Nf6+ Kg7 31. Nxg4 hxg4 32. h5 Qxc2 33. Qxg6+ Kh8 34. Qf7 Bg7 35. Qe8+ Kh7 36. Qg6+ Kh8 37. Qe8+ Kh7 38. Qg6+ Kh8 39.
Qe8+ 1/2-1/2

[Event "NJSK 2024 C"]
[Site "Groningen, Netherlands"]
[Date "2024.05.03"]
[Round "9.5"]
[White "Roorda, Cas"]
[Black "Zecha, Oscar"]
[Result "0-1"]
[TimeControl "90min/40moves + 30min + 30sec/move"]
[WhiteElo "1828"]
[BlackElo "1998"]

1. e4 e5 2. Nf3 Nc6 3. Bc4 Bc5 4. c3 Nf6 5. d3 d6 6. O-O O-O 7. Re1 a6 8. a4 Ba7 9. h3 h6 10.
Nbd2 Re8 11. b4 Ne7 12. Qb3 Rf8 13. d4 Ng6 14. Qc2 Nh5 15. Bb2 Nhf4 16. Bf1 f5 17. exf5 Bxf5 18. Qb3+ Be6 19.
c4 Qd7 20. dxe5 dxe5 21. Ne4 Qf7 22. Nxe5 Qf5 23. Nxg6 Qxg6 24. Kh2 Bf5 25. c5+ Kh8 26. Ng3 Be6 27. Qd1 Rad8 28. Qb1 Qf7 29. Ne4 Bd5 30. Ra3 c6 31. Rg3 Nh5 32. Rge3 Bb8+ 33.
Nd6 Qf4+ 34. Kh1 Qxf2 35. Qg6 Qxb2 36. R3e2 Rxf1+ 37. Rxf1 Qxe2 0-1

[Event "NJSK 2024 C"]
[Site "Groningen, Netherlands"]
[Date "2024.05.03"]
[Round "9.6"]
[White "De Jong, Lode"]
[Black "Guillaumond, Matthieu"]
[Result "0-1"]
[TimeControl "90min/40moves + 30min + 30sec/move"]
[WhiteElo "1587"]
[BlackElo "1945"]

1. d4 Nf6 2. c4 g6 3. Nc3 Bg7 4.
e4 O-O 5. Nf3 d6 6. Be2 e5 7. O-O Nc6 8. d5 Ne7 9. Ne1 Nd7 10. Be3 f5 11. f3 f4 12. Bf2 g5 13. a4 a5 14.
Nd3 b6 15. b4 axb4 16. Nxb4 Nf6 17. Be1 Bd7 18. Nd3 Ng6 19. Nb5 g4 20. a5 g3 21. hxg3 fxg3 22. Bxg3 Nh5 23. Bh2 bxa5 24.
Qd2 Ngf4 25. Rfd1 Nxe2+ 26. Qxe2 Bh6 27. g3 Bxb5 28. cxb5 Qg5 29. Kf2 Rf7 30. Rg1 Kh8 31. Ne1 Nf6 32. Rg2 Nd7 33. Bg1 Nc5 34. Kf1 Nb3 35.
Ra3 Nd2+ 36. Kf2 Raf8 37. Rh2 Rg8 38. Rh3 Rfg7 39. g4 Rf8 40. Kg2 Qg6 41. Rxh6 Qxh6 42. Be3 Qh4 43. Bxd2 Rg6 44.
Nd3 Rfg8 45. Nf2 h5 46. Be1 a4 47. Qe3 Qf6 48. Qe2 Qf4 49. Bd2 Qf6 50. Ra1 R8g7 51. Rxa4 hxg4 52. Ra8+ Kh7 53.
Nxg4 Qh4 54. Qf2 Rxg4+ 55. fxg4 Qxg4+ 56. Kh2 Qh5+ 0-1

[Event "NJSK 2024 C"]
[Site "Groningen, Netherlands"]
[Date "2024.05.03"]
[Round "9.7"]
[White "Winter, Sven"]
[Black "Ambrona Navarro, Himar"]
[Result "1-0"]
[TimeControl "90min/40moves + 30min + 30sec/move"]
[WhiteElo "1768"]
[BlackElo "1963"]

1. Nf3 Nf6 2. c4 d6 3. d4 g6 4. Nc3 Bg7 5. e4 O-O 6. Be2 e5 7. dxe5 dxe5 8. Qxd8 Rxd8 9. Nxe5 Nxe4 10.
Nxe4 Bxe5 11. Bg5 Re8 12. Nf6+ Bxf6 13. Bxf6 Nc6 14. f3 Bf5 15. Kf2 Re6 16. Bc3 Rae8 17. Rhe1 h5 18. h4 Rd6 19.
c5 Rd7 20. Bb5 Rxe1 21. Rxe1 Be6 22.
Bc4 Nd4 23. Bxd4 Rxd4 24. Bxe6 fxe6 25. Rxe6 Kf7 26. Re4 Rd2+ 27. Re2 Rd4 28. c6 b6 29. b3 Rxh4 30. Rd2 Ke6 31. Rd7 a5 32.
Rxc7 Kd6 33. Rg7 Kxc6 34. Rxg6+ Kb5 35. Rh6 Rh1 36. a4+ Kc5 37. g4 h4 38. g5 Rh2+ 39. Kg1 Rh3 40. Kf2 Rh2+ 41.
Ke3 h3 42. Kf4 Rh1 43. Kf5 Kd4 44. g6 Kc3 45. g7 Rg1 46. Kf6 Kxb3 47. Rg6 Rxg6+ 48. Kxg6 Kxa4 49. g8=Q b5 50. Qa2+ Kb4 51. f4 a4 52. f5 a3 53.
f6 h2 54. Qxh2 Kb3 55. f7 a2 56. Qe5 1-0

[Event "NJSK 2024 C"]
[Site "Groningen, Netherlands"]
[Date "2024.05.03"]
[Round "9.8"]
[White "Klein Tuente, Sam"]
[Black "Tetova, Amir"]
[Result "0-1"]
[TimeControl "90min/40moves + 30min + 30sec/move"]
[WhiteElo "1732"]
[BlackElo "1767"]

1. d4 Nf6 2. c4 g6 3. Nc3 Bg7 4. e4 d6 5. f3 O-O 6. Be3 e5 7. d5 Ne8 8. g4 Bh6 9. Bf2 f5 10. h4 fxg4 11. fxg4 Qd7 12. g5 Bg7 13.
Bh3 Qf7 14. Qd2 Bxh3 15. Rxh3 Nd7 16. Rf3 Qe7 17. O-O-O Nc5 18. Bxc5 dxc5 19. Rdf1 Nd6 20. b3 Nf7 21. Nh3 Nd6 22. Qg2 Rxf3 23. Rxf3 Rf8 24. Nd1 Qd7 25. Ndf2 c6 26. Rxf8+ Kxf8 27. Nd3 b6 28. Nhf2 cxd5 29.
exd5 Qf5 30. Qg3 Ne4 31.
Nxe4 Qxe4 32. Qf2+ Ke7 33. Nxc5 bxc5 34. Qxc5+ Kf7 35. Qxa7+ Kg8 36. Qb8+ Bf8 37. Qb6 Ba3+ 38. Kd2 Qg2+ 39.
Ke1 Qg3+ 40. Qf2 Bb4+ 41. Kf1 Qd3+ 42. Kg2 Qe4+ 43. Kf1 Qd3+ 44. Kg2 e4 45. Qb6 Qf3+ 46. Kg1 Qg3+ 47. Kf1 Qe1+ 48.
Kg2 Qe2+ 49. Kg1 Qg4+ 50. Kf1 Qd1+ 51. Kg2 Qe2+ 52. Kg1 Qg4+ 53. Kf1 Qh3+ 54. Kg1 Qg3+ 55. Kf1 Qe1+ 56. Kg2 Qd2+ 57.
Kg3 Qe1+ 58. Kg4 Qe2+ 59. Kf4 Qf3+ 60. Ke5 Qf5+ 61. Kd4 Qf2+ 0-1

[Event "NJSK 2024 C"]
[Site "Groningen, Netherlands"]
[Date "2024.05.03"]
[Round "9.9"]
[White "Leenen, Boyd"]
[Black "Ngangbam, Chingthang"]
[Result "1-0"]
[TimeControl "90min/40moves + 30min + 30sec/move"]
[WhiteElo "1920"]
[BlackElo "1713"]

1. e4 c5 2. Nf3 d6 3. d4 cxd4 4. Nxd4 Nf6 5. Nc3 g6 6. Be3 Bg7 7. f3 O-O 8. Qd2 Nc6 9. g4 Bxg4 10.
fxg4 Nxg4 11. Nxc6 bxc6 12. Bc4 Nxe3 13. Qxe3 Qa5 14. O-O-O Rab8 15. Bb3 Qe5 16. Qxa7 c5 17. Qa6 Rfc8 18.
Qc4 e6 19. a3 Rc7 20. Kb1 Rcb7 21. Ka2 Ra7 22. Rd2 Bh6 23. Rdd1 Bg7 24. Kb1 Rc7 25. Rd3 Rb6 26. h3 Ra7 27. Rhd1 Bf6 28. Rf3 Bg7 29. Rdf1 h5 30. Nd1 Rbb7 31.
c3 Bh6 32. Nf2 Rb6 33. Nd3 Qg5 34. a4 Rab7 35. a5 Rxb3 36. a6 R7b6 37. Rxf7 Qd2 38. R7f2 Qxc3 39. Qxe6+ Kh7 40. Rf7+ Bg7 41.
Rxg7+ Kxg7 42. Qf7+ Kh6 43. Qf8+ Qg7 44. a7 Qxf8 45. Rxf8 Ra6 46. Nc1 Rxh3 47. a8=Q Rxa8 48. Rxa8 Re3 49.
Rd8 Rxe4 50. Rxd6 h4 51. Rd1 h3 52. Nd3 Rd4 53. Kc2 g5 54. Nf2 Rh4 55. Rh1 g4 56. Nxg4+ Rxg4 57. Rxh3+ Kg5 58.
Rd3 c4 59. Rd5+ Kf6 60. Kc3 Ke6 61. Rd4 Rg2 62. Rxc4 Kd7 63. b3 Rg1 64. Kb4 Rg5 65. Rc1 Kd6 66. Ka4 Rc5 67. Rxc5 Kxc5 68.
Ka5 Kc6 69. b4 Kb7 70. Kb5 Ka7 71. Kc6 Kb8 72. Kb6 Ka8 73. Ka6 Kb8 74. b5 Ka8 75. b6 Kb8 76. b7 Kc7 77. Ka7 1-0

[Event "NJSK 2024 C"]
[Site "Groningen, Netherlands"]
[Date "2024.05.03"]
[Round "9.10"]
[White "Koppenens, Oscar"]
[Black "Lalkota, Sai Pranav Tejas"]
[Result "1/2-1/2"]
[TimeControl "90min/40moves + 30min + 30sec/move"]
[WhiteElo "1893"]
[BlackElo "1782"]

1. e4 e6 2. d4 d5 3. Bd3 dxe4 4. Bxe4 Nf6 5. Bf3 Bd6 6. Ne2 Nc6 7. c4 Bd7 8. Nbc3 O-O 9. O-O Re8 10.
Bg5 h6 11. Bh4 Rc8 12. a3 a5 13. Qb3 e5 14. d5 Nd4 15. Nxd4 exd4 16. Ne2 Bxh2+ 17. Kxh2 Ng4+ 18. Bxg4 Qxh4+ 19. Qh3 Qxh3+ 20. gxh3 Bxg4 21. Nxd4 Be2 22. Rfc1 Re4 23.
Nf5 Rce8 24. Ne3 f5 25. Rc2 f4 26. Rxe2 fxe3 27. Rxe3 Rxe3 28. fxe3 Rxe3 29. b4 Re2+ 1/2-1/2

[Event "NJSK 2024 C"]
[Site "Groningen, Netherlands"]
[Date "2024.05.03"]
[Round "9.11"]
[White "Frederiks, Jesse"]
[Black "Etienne, Ghilon"]
[Result "1/2-1/2"]
[TimeControl "90min/40moves + 30min + 30sec/move"]
[WhiteElo "1718"]
[BlackElo "1793"]

1. f4 Nc6 2. Nf3 d5 3. e3 Nf6 4. Be2 Bf5 5. d3 e6 6. O-O Bd6 7. b3 h6 8. Bb2 Qe7 9. Ne5 Bxe5 10. fxe5 Nd7 11. d4 Bg6 12. Nc3 O-O-O 13. a4 h5 14. a5 h4 15. a6 b6 16. Bb5 Ncb8 17.
Bxd7+ Rxd7 18. Nb5 Nc6 19. Qd2 Kb8 20. h3 Bf5 21. Qc3 Nd8 22. Ba3 Qe8 23. Rf2 f6 24. exf6 gxf6 25. Nxc7 Rxc7 26.
Bd6 1/2-1/2